 Dungeon Crawl Stone Soup version 0.27-a0-1312-g5cdb2b3542 (webtiles) character file.

Game seed: 6537933682559406822

326 HAL9000 the Covert (level 6, 0/45 HPs)
             Began as a Vine Stalker Brigand on June 19, 2021.
             Succumbed to a scorpion's poison
             ... on level 3 of the Dungeon.
             The game lasted 00:06:09 (2018 turns).

HAL9000 the Covert (Vine Stalker Brigand)           Turns: 2018, Time: 00:06:09

Health: 0/45       AC: 23    Str: 15    XL:     6   Next: 49%
Magic:  2/7        EV:  2    Int: 11    God:
Gold:   54         SH:  0    Dex: 16    Spells: 5/5 levels left

rFire    . . .     SeeInvis .   a - +2 dagger
rCold    . . .     Faith    .   (no shield)
rNeg     + + +     Spirit   +   (armour currently unavailable)
rPois    +         Reflect  .   (helmet currently unavailable)
rElec    .         Harm     .   (cloak currently unavailable)
rCorr    +         Rampage  .   (gloves currently unavailable)
Will     .....     NoTele   +   (boots currently unavailable)
Stlth    ++++......             (no amulet)
HPRegen  1.15/turn              h - ring of resist corrosion
MPRegen  0.10/turn              (no ring)

@: lethally poisoned (0 -> -3), tree-form
A: stationary, stasis, torment immunity, boosted hp, (fangs 2), regeneration 1,
magic shield, (antimagic bite), no potion heal 2
a: no special abilities


You were on level 3 of the Dungeon.
You were a tree.
You visited 1 branch of the dungeon, and saw 3 of its levels.

You collected 54 gold pieces.

Inventory:

Hand Weapons
 a - a +2 dagger (weapon)
Missiles
 d - 2 poisoned darts (quivered)
Armour
 b - a +0 robe (melded)
 c - a +0 cloak (melded)
 m - a +0 helmet (melded)
Jewellery
 h - a ring of resist corrosion (left branch)
Wands
 g - a wand of flame (19)
Scrolls
 e - a scroll of fear {unknown}
 i - a scroll of teleportation {unknown}
 k - 2 scrolls of fog {unknown}
Potions
 l - a potion of curing {unknown}
 n - a potion of brilliance {unknown}


   Skills:
 - Level 1.7 Fighting
 - Level 1.7 Short Blades
 - Level 1.7 Throwing
 - Level 0.7 Dodging
 + Level 9.7 Stealth


You had 5 spell levels left.
You didn't know any spells.
Your spell library contained the following spells:

 Spells                   Type           Power      Damage    Failure   Level
 Foxfire                  Conj/Fire      0%         2x1d4     34%         1
 Cause Fear               Hex            0%         N/A       98%         4
 Dragon Form              Tmut           0%         N/A       100%        7
 Dragon's Call            Summ           0%         N/A       100%        9


Dungeon Overview and Level Annotations

Branches:
Dungeon (3/15)

Altars:
Okawaru

Shops:
D:1 (*[*=   D:2 =


Innate Abilities, Weirdness & Mutations

You are a tree.
Your roots penetrate the ground, keeping you stationary.
You cannot be teleported.
You are immune to unholy pain and torment.
Your maximum health is greatly increased.
Your equipment is partially melded.
((You have extremely sharp teeth.))
Your natural rate of healing is unusually fast.
When hurt, damage is shared between your health and your magic reserves.
((Your bite disrupts and absorbs the magic of your enemies.))
Potions cannot restore your health.


Message History

Throw: 4 darts (poison)
Press: ? - help, Q - select action, (/) - cycle Shift-Dir - straight line, f/p - scorpion
Aim: a scorpion (severely wounded, 59% to hit)
Okay, then.
You feel sick.
Throw: 4 darts (poison)
Press: ? - help, Q - select action, (/) - cycle Shift-Dir - straight line, f/p - scorpion
Aim: a scorpion (severely wounded, 59% to hit)
You throw a poisoned dart.
The poisoned dart closely misses the scorpion.
The poisoned dart misses the kobold.
You feel sick. The scorpion stings you.
* * * LOW HITPOINT WARNING * * *
Throw: 3 darts (poison)
Press: ? - help, Q - select action, (/) - cycle Shift-Dir - straight line, f/p - scorpion
Aim: a scorpion (severely wounded, 59% to hit)
You throw a poisoned dart. The poisoned dart hits the scorpion.
The scorpion is poisoned.
The scorpion is severely wounded.
You feel sick.
You are no longer poisoned.
The scorpion barely misses you.
You hit the scorpion but do no damage.
You bite the scorpion, but do no damage.
The scorpion is almost dead.
The scorpion stings you.
* * * LOW HITPOINT WARNING * * *
You are lethally poisoned!
The scorpion poisons you!
It was a potion of flight.
You feel very buoyant.
You fly up into the air.
* * * LOW HITPOINT WARNING * * *
You feel very sick.
You kill the scorpion!
Unknown command.
It was a potion of lignification.
You turn into a tree.
Your +0 cloak melds into your body.
Your +0 helmet melds into your body.
Your +0 robe melds into your body.
Your roots penetrate the ground.
You die...

#............#
#..........#.### ..
#.......###....# ###.##
#.#.###.# #.)..# #.(...
#.#.....# #....# #.#.#.
#.####### ##.### #.#...
#.# #.# #.#...
#.##########.######.#..#
#......♣K(.(...(.((.....
#......#############...#
#......# #.... #......#
#..## #......#### #..#
#.......... #++#
##.....###. #.....#
###<....#


You could see a kobold.

Vanquished Creatures
  Sigmund (D:2)
  A scorpion (D:3)
  Terence (D:2)
  An adder (D:2)
  A dart slug (D:2)
  2 orcs (D:3)
  8 ball pythons
  7 endoplasms
  2 giant cockroaches (D:1)
  9 goblins
  3 hobgoblins
  2 jackals (D:2)
  3 kobolds
  A quokka (D:2)
  3 bats
  9 frilled lizards
  4 rats
58 creatures vanquished.

Notes
Turn   | Place    | Note
-------+----------+-------------------------------------------
     0 | D:1      | HAL9000 the Vine Stalker Brigand began the quest for the
                  | Orb.
     0 | D:1      | Reached XP level 1. HP: 11/11 MP: 2/2
     3 | D:1      | Noticed an electric eel
     4 | D:1      | Noticed an electric eel
    56 | D:1      | Found Tyhe's Armour Emporium.
    78 | D:1      | Found Morokk's Assorted Antiques.
    84 | D:1      | Reached skill level 5 in Stealth
   118 | D:1      | Found Vegurhyiw's Assorted Antiques.
   128 | D:1      | Reached XP level 2. HP: 11/15 MP: 1/3
   198 | D:1      | Found Otav's Jewellery Shop.
   339 | D:1      | Found Ruir's Antique Weapon Shoppe.
   698 | D:1      | Reached skill level 6 in Stealth
   724 | D:1      | Found a faded altar of an unknown god.
   931 | D:1      | Reached XP level 3. HP: 18/18 MP: 4/4
  1031 | D:2      | Found an iron altar of Okawaru.
  1031 | D:2      | Noticed Terence
  1034 | D:2      | Killed Terence
  1056 | D:2      | Gained mutation: Your natural rate of healing is unusually
                  | fast. [Vine Stalker growth]
  1056 | D:2      | Reached XP level 4. HP: 23/23 MP: 5/5
  1175 | D:2      | Reached skill level 7 in Stealth
  1270 | D:2      | Found Anul's Jewellery Boutique.
  1340 | D:2      | Noticed Sigmund
  1368 | D:2      | Killed Sigmund
  1369 | D:2      | Reached skill level 9 in Stealth
  1369 | D:2      | Reached XP level 5. HP: 22/26 MP: 4/6
  1369 | D:2      | Reached XP level 6. HP: 25/30 MP: 4/7
  2017 | D:3      | HP: 1/30 [poisoned by a scorpion]
  2018 | D:3      | Succumbed to a scorpion's poison

Illustrated notes

Levels and vault maps discovered:
D:1:      arrival_aquarium_b, layout_basic, serial_shops, shop,
          nicolae_shop_waterfront, nicolae_shop_overgrown_old_shop, shop,
          shop_statue, basic_ecumenical_altar
D:2:      minmay_door_path, layout_basic, serial_shops, shop_fountains,
          basic_altar, uniq_sigmund, uniq_terence
D:3:      layout_basic, lemuel_tele_altar, kennysheep_generic_room_3

Skill      XL: |  1  2  3  4 |
---------------+-------------+-----
Stealth        | 5 6 9 |  9.7
Fighting       | |  1.7
Short Blades   | |  1.7
Throwing       | |  1.7
Dodging        | |  0.7

Action                   |  1- 3 |  4- 6 || total
-------------------------+-------+-------++-------
Melee: Dagger            |    54 |    58 ||   112
       Bite              |    10 |    15 ||    25
Throw: Dart              |       |    12 ||    12
  Use: Potion            |       |     2 ||     2
 Stab: Sleeping          |     7 |    10 ||    17
Armor: Robe              |    15 |    14 ||    29
Dodge: Dodged            |    27 |    27 ||    54

Table legend: (Time is in decaauts)
 A = Elapsed time spent in this place.
 B = Non-inter-level travel time spent in this place.
 C = Inter-level travel time spent in this place.
 D = Time resting spent in this place.
 E = Time spent auto-exploring this place.
 F = Levels seen in this place.
 G = Mean time per level.
                   A        B        C        D        E       F      G
               +--------+--------+--------+--------+--------+-----+--------+
         Total |   2007 |   1988 |     19 |    167 |   1440 |   3 |  669.0 |
       Dungeon |   2007 |   1988 |     19 |    167 |   1440 |   3 |  669.0 |
               +--------+--------+--------+--------+--------+-----+--------+

Top non-repeatable levels by time:
     D:1: 1027 daAuts
     D:2: 875 daAuts
     D:3: 104 daAuts
